 Dungeon Crawl Stone Soup version 0.23.1 (webtiles) character file.

Game seed: 8913226770800627148

47 Borgoz the Sneak (level 3, -2/27 HPs)
             Began as a Ghoul Enchanter on Mar 13, 2019.
             Slain by an orc
             ... wielding a +0 war axe
              (6 damage)
             ... on level 4 of the Dungeon.
             The game lasted 00:03:41 (2149 turns).

Borgoz the Sneak (Ghoul Enchanter)                  Turns: 2149, Time: 00:03:42

Health: -2/27      AC:  5    Str: 11    XL:     3   Next: 70%
Magic:  3/4        EV: 10    Int: 10    God:
Gold:   113        SH:  0    Dex: 10    Spells: 2/5 levels left

rFire    . . .     SeeInvis +   a - +1 dagger
rCold    + . .     Gourm    .   (no shield)
rNeg     + + +     Faith    .   o - +0 ring mail
rPois    ∞         Spirit   .   (no helmet)
rElec    .         Reflect  .   (no cloak)
rCorr    .         Harm     .   (no gloves)
MR       .....                  (no boots)
Stlth    ++........             (no amulet)
HPRegen  0.00/turn              i - ring of see invisible
MPRegen  0.09/turn              (no ring)

@: rotting
A: rotting body, claws 1, carnivore, cold resistance 1, negative energy
resistance 3, inhibited regeneration, torment resistance, unbreathing
a: no special abilities


You were on level 4 of the Dungeon.
You were not hungry.

You visited 1 branch of the dungeon, and saw 4 of its levels.

You collected 113 gold pieces.

Inventory:

Hand Weapons
 a - a +1 dagger (weapon)
Missiles
 b - a throwing net (quivered)
Armour
 o - a +0 ring mail (worn)
Jewellery
 i - a ring of see invisible (left claw)
 q - an uncursed ring of protection from magic {unknown}
Scrolls
 e - a scroll of enchant weapon {unknown}
 f - 2 scrolls of identify
 g - a scroll of fog {unknown}
 h - a scroll of random uselessness
 j - 2 scrolls of remove curse {unknown}
 k - 2 scrolls of immolation
 m - a scroll of teleportation {unknown}
 p - a scroll of amnesia {unknown}
Potions
 c - 2 potions of flight
 n - a potion of resistance
 r - a potion of haste {unknown}
 s - 2 potions of heal wounds {unknown}
Comestibles
 d - 3 rations
 l - 2 chunks of flesh


   Skills:
 + Level 0.9 Fighting
 * Level 1.5 Short Blades
 * Level 1.0 Armour
 + Level 2.1 Dodging
 + Level 3.4 Stealth
 + Level 1.9 Spellcasting
 * Level 2.7 Hexes


You had 2 spell levels left.
You knew the following spells:

 Your Spells              Type           Power        Failure   Level  Hunger
a - Corona                Hex            #......      24%         1    ##.....
b - Ensorcelled Hibernat  Hex/Ice        #.....       54%         2    ###....

Your spell library contained the following spells:

 Spells                   Type           Power        Failure   Level  Hunger
 Confuse                  Hex            #.......     58%         3    ####...
 Tukima's Dance           Hex            #.......     58%         3    ####...
 Dazzling Spray           Conj/Hex       #.....       77%         3    ####...


Dungeon Overview and Level Annotations

Branches:
Dungeon (4/15)
 Temple: D:4-7

Altars:
Dithmenos

Annotations:
D:3 Sigmund


Innate Abilities, Weirdness & Mutations

Your body is rotting away.
You thrive on raw meat.
You are immune to poison.
You have sharp fingernails.
You are carnivorous and can eat meat at any time.
Your flesh is cold resistant. (rC+)
You are immune to negative energy. (rN+++)
You do not regenerate when monsters are visible.
You are immune to unholy pain and torment.
You can survive without breathing.


Message History

The worm bites you.
* * * LOW HITPOINT WARNING * * *
There is a stone staircase leading down here.
Found a potion of flight.
Found an escape hatch in the floor.
You see here a potion of flight.
c - 2 potions of flight (gained 1)
There is an escape hatch in the floor here.
You slide downwards.
The hatch slams shut behind you. 3 orcs come into view.
An orc is wielding a +2 hand axe of freezing.
The orc shouts! x2
Unknown command.
You open the door. The orc barely misses you.
A bullfrog skeleton comes into view.
There is an open door here. 2 orcs come into view.
A quokka comes into view.
The orc hits you with a +0 war axe.
You die...

######....# #..
#.......... #..
#.......... #...
#.......... #...
#.o........
+..r.#..........
#....###o##+####
#...o......#
#..@Z......#
#..........#
#..........#
########....#
....# ....# .oo#


You could see 2 orcs, a quokka and a bullfrog skeleton.

Vanquished Creatures
  2 adders
  2 leopard geckos
  2 ball pythons
  3 bats (D:1)
  4 goblins
  3 hobgoblins
  3 frilled lizards (D:2)
  5 kobolds
  4 rats
28 creatures vanquished.

Notes
Turn   | Place    | Note
-------+----------+-------------------------------------------
     0 | D:1      | Borgoz the Ghoul Enchanter began the quest for the Orb.
     0 | D:1      | Reached XP level 1. HP: 14/14 MP: 2/2
   204 | D:1      | Reached skill level 1 in Short Blades
   501 | D:1      | Reached XP level 2. HP: 9/20 MP: 3/3
  1182 | D:2      | Found a shadowy altar of Dithmenos.
  1215 | D:2      | Reached XP level 3. HP: 9/25 MP: 4/4
  1915 | D:3      | Reached skill level 1 in Armour
  2037 | D:3      | Noticed Sigmund
  2054 | D:2      | Learned a level 2 spell: Ensorcelled Hibernation
  2149 | D:4      | Slain by an orc

Skill      XL: |  1  2  3 |
---------------+----------+-----
Short Blades   | 1 |  1.5
Dodging        | 2 |  2.1
Armour         | 1 |  1.0
Fighting       | |  0.9
Stealth        | |  3.4
Spellcasting   | |  1.9
Hexes          | |  2.7

Action                   || total
-------------------------++-------
Melee: Dagger            ||   160
 Cast: Ensorcelled Hiber ||     2
  Use: Scroll            ||     5
       Potion            ||     1
 Stab: Sleeping          ||     2
  Eat: Chunk             ||    13
Armor: Robe              ||     5
       Ring mail         ||    42
Dodge: Dodged            ||   105
